Map: Ley Lines

Players

FrankyR - Winner!

  • Race: Protoss Protoss
  • League: Master
  • Spawn Location: 1:00

wootwoot

  • Race: Zerg Zerg
  • League: Diamond
  • Spawn Location: 7:00

VOD

Have the link to the VOD?

Description

Time

  • Played on: April 23, 2025, 6:55 a.m.
  • Length: 10:22
Show
View Real Time Build Order
Export as new Build Order

FrankyR Protoss - Winner!

Build Orders:  

Get SALT Encoding   

  12  0:00  Probe  
  13  0:12  Probe  
  14  0:19  Pylon  
  14  0:24  Probe  
  15  0:37  Probe  
  16  0:44  Forge  
  17  0:50  Probe  
  17  0:54  Pylon  
  17  1:02  Probe  
  18  1:14  Probe  
  18  1:15  Gateway  
  19  1:24  Photon Cannon  
  18  1:27  Probe  
  19  1:47  Nexus  
  19  1:51  Probe  
  20  1:55  Gateway  
  20  2:03  Pylon  
  20  2:05  Probe  
  21  2:09  Assimilator  
  21  2:20  Photon Cannon  
  21  2:26  Probe  
  22  2:38  Probe  
  23  2:45  Assimilator, Pylon  
  23  2:50  Cybernetics Core, Probe  
  24  2:57  Probe  
  24  3:02  Probe  
  24  3:05  Probe  
  27  3:14  Probe x2  
  29  3:20  Sentry  
  29  3:26  Probe x2  
  31  3:33  Shield Battery  
  33  3:38  Probe x2  
  35  3:42  Assimilator  
  35  3:49  Stalker  
  35  3:50  Probe x2  
  35  3:53  Stargate  
  37  4:02  Probe  
  40  4:03  Probe  
  41  4:10  Shield Battery  
  39  4:18  Shield Battery  
  39  4:19  Probe  
  42  4:34  Shield Battery  
  42  4:35  Void Ray, Pylon  
  44  4:46  Warp Gate  
  44  4:55  Pylon  
  41  5:06  Stalker  
  40  5:09  Pylon  
  39  5:31  Probe  
  39  5:32  Pylon  
  40  5:36  Pylon  
  40  5:42  Probe  
  39  5:46  Void Ray, Probe  
  41  5:50  Probe  
  42  5:58  Probe  
  42  6:00  Probe  
  43  6:10  Probe  
  44  6:12  Probe  
  44  6:17  Nexus  
  45  6:22  Probe x2  
  45  6:23  Protoss Ground Weapons Level 1  
  47  6:27  Pylon  
  47  6:30  Probe  
  47  6:31  Pylon  
  47  6:34  Probe  
  47  6:35  Stalker  
  47  6:38  Probe  
  51  6:46  Probe  
  53  6:50  Gateway x2  
  53  6:53  Probe  
  54  6:59  Probe  
  55  7:04  Zealot  
  55  7:05  Probe  
  55  7:07  Gateway  
  58  7:09  Robotics Facility  
  58  7:11  Probe  
  59  7:17  Probe  
  60  7:23  Probe  
  60  7:29  Probe x2  
  63  7:31  Stalker  
  63  7:32  Shield Battery  
  63  7:35  Probe  
  66  7:41  Probe x2  
  68  7:46  Assimilator  
  68  7:47  Probe  
  69  7:53  Pylon, Probe  
  69  7:54  Probe  
  69  7:55  Observer  
  71  7:59  Assimilator  
  71  8:02  Robotics Bay, Probe  
  71  8:05  Assimilator  
  72  8:08  Observer  
  72  8:09  Forge, Probe x2  
  75  8:15  Zealot x2, Pylon  
  75  8:16  Zealot  
  82  8:29  Probe  
  82  8:34  Colossus  
  83  8:39  Adept x2  
  83  8:40  Stalker  
  89  8:45  Adept  
  93  9:01  Adept x2  
  83  9:06  Adept x2  
  75  9:22  Adept x2, Colossus  
  81  9:32  Robotics Facility  
  81  9:33  Zealot  
  79  9:45  Stalker  
  73  9:55  Adept  
  69  10:11  Adept  
Show
View Real Time Build Order
Export as new Build Order

wootwoot Zerg 

Build Orders: Hatch First, Ravager All-In 

Get SALT Encoding   

  12  0:01  Drone  
  13  0:13  Overlord  
  13  0:18  Drone  
  14  0:31  Drone x2  
  16  0:50  Hatchery  
  16  0:54  Drone  
  16  0:57  Drone  
  16  1:01  Drone  
  18  1:31  Spawning Pool  
  17  1:43  Extractor  
  16  1:49  Drone  
  16  1:51  Drone  
  18  1:58  Drone  
  19  2:03  Extractor  
  19  2:04  Extractor  
  17  2:19  Roach Warren  
  17  2:20  Drone x2  
  18  2:23  Drone  
  18  2:26  Drone  
  18  2:29  Drone  
  21  2:34  Drone  
  22  2:58  Roach x3  
  22  3:00  Overlord  
  22  3:04  Overlord  
  28  3:18  Ravager x2  
  30  3:25  Ravager  
  31  3:27  Drone  
  31  3:28  Drone x4  
  31  3:31  Extractor  
  35  3:38  Roach  
  37  3:42  Roach  
  37  3:43  Roach  
  41  4:03  Ravager x2  
  43  4:28  Ravager  
  44  4:43  Overlord x2  
  41  4:56  Roach  
  43  5:07  Roach x2  
  47  5:17  Queen x2  
  48  5:23  Drone x5  
  48  5:27  Drone  
  48  5:39  Drone  
  48  5:40  Drone  
  50  5:46  Drone  
  48  5:50  Drone  
  48  5:52  Extractor  
  48  5:54  Lair  
  48  5:56  Drone  
  46  5:59  Drone, Queen  
  49  6:08  Drone  
  48  6:12  Spore Crawler  
  48  6:13  Drone, Spore Crawler x2  
  48  6:14  Spore Crawler  
  48  6:17  Drone  
  46  6:21  Drone  
  45  6:27  Drone x5  
  45  6:28  Drone  
  45  6:32  Drone  
  52  6:39  Overlord  
  52  6:50  Metabolic Boost  
  52  6:53  Hydralisk Den  
  51  6:55  Overlord  
  51  6:56  Overlord  
  51  7:00  Zergling x14  
  58  7:16  Zergling x4  
  60  7:23  Hydralisk, Grooved Spines  
  60  7:24  Hydralisk  
  64  7:30  Spore Crawler  
  64  7:31  Hydralisk x4  
  64  7:36  Overlord  
  71  7:37  Hydralisk x2  
  75  7:44  Overlord x2  
  75  7:56  Hydralisk x4  
  83  8:07  Hydralisk  
  83  8:08  Hydralisk x2  
  89  8:13  Muscular Augments, Hydralisk x2  
  89  8:17  Hydralisk  
  95  8:21  Hydralisk  
  97  8:29  Hydralisk  
  98  8:45  Hydralisk  
  98  8:47  Overlord x2  
  96  8:58  Hydralisk x5  
  96  9:01  Hydralisk x2  
  98  9:07  Hydralisk  
  98  9:08  Hydralisk  
  98  9:15  Hydralisk  
  98  9:16  Hydralisk  
  98  9:21  Hydralisk  
  94  9:26  Hydralisk x2  
  98  9:37  Hydralisk x2  
  98  9:38  Hydralisk  
  92  9:50  Hydralisk x2  
  92  9:51  Hydralisk  
  86  9:53  Hydralisk  
  86  9:57  Hydralisk  
Tags
 
Matchup
PvZ
Replay Pack
#1B2M-Replays
Spawn Locations
Cross Positions
Add a new tag
Caveats
  • Supply blocks, unpowered buildings, or Contaminate may cause inaccurate times.
  • Supply counts are checked every 10 seconds.